 Dungeon Crawl Stone Soup version 0.20-a0-59-g66a9409 (webtiles) character file.

157 GlassEater the Ducker (level 5, 0/27 HPs)
             Began as a Spriggan Fighter on Nov 17, 2016.
             Slain by GlassEater's ghost (4 damage)
             ... on level 3 of the Dungeon.
             The game lasted 00:03:52 (2686 turns).

GlassEater the Ducker (Spriggan Fighter)            Turns: 2686, Time: 00:03:52

Health: 0/27       AC:  2    Str: 17    XL:     5   Next: 15%
Magic:  6/6        EV: 19    Int:  9    God:
Gold:   141        SH:  7    Dex: 17    Spells: 0 memorised, 4 levels left

rFire  . . .     SeeInvis +     a - +0 rapier
rCold  + . .     Gourm    .     b - +0 robe
rNeg   . . .     Faith    .     c - +0 buckler
rPois  .         Spirit   .     (helmet restricted)
rElec  .         Reflect  .     (no cloak)
rCorr  .         Harm     .     (gloves unavailable)
MR     .....                    (boots unavailable)
Stlth  ++........               (no amulet)
                                (no ring)
                                h - ring of protection from cold

@: mighty, very quick
A: unfitting armour, see invisible, herbivore 3, speed 3, slow metabolism 2
a: no special abilities


You were on level 3 of the Dungeon.
You were not hungry.

You visited 1 branch of the dungeon, and saw 3 of its levels.

You collected 141 gold pieces.

Inventory:

Hand Weapons
 a - a +0 rapier (weapon)
 q - a cursed -2 dagger
Missiles
 r - 5 tomahawks of returning (quivered)
 t - 13 poisoned needles
Armour
 b - a +0 robe (worn)
 c - a +0 buckler (worn)
Jewellery
 h - a ring of protection from cold (left hand)
Scrolls
 e - a scroll of teleportation {unknown}
 g - a scroll of fog {unknown}
 l - a scroll of random uselessness {unknown}
 m - 2 scrolls of amnesia {unknown}
 o - a scroll of identify {unknown}
 s - 3 scrolls of immolation {unknown}
 u - a scroll of magic mapping {unknown}
 v - a scroll of fear {unknown}
Potions
 d - a potion of might
 i - a potion of mutation {unknown}
 j - a potion of curing {unknown}
 k - a potion of haste {unknown}
 n - a potion of experience {unknown}
Comestibles
 f - 3 bread rations
 p - 5 fruits


   Skills:
 - Level 2.4 Fighting
 - Level 2.1 Short Blades
 - Level 4.4 Dodging
 + Level 4.4 Shields


You had 4 spell levels left.
You didn't know any spells.

Dungeon Overview and Level Annotations

Branches:
Dungeon (3/15)

Altars:

Annotations:
D:3 GlassEater's ghost, amateur SpAs


Innate Abilities, Weirdness & Mutations

You are very small and have problems with some larger weapons.
You are too small for most types of armour.
You have supernaturally acute eyesight. (SInv)
You are a herbivore.
You cover ground extremely quickly.
You need consume almost no food.


Message History

* * * LOW HITPOINT WARNING * * *
You feel very mighty all of a sudden. GlassEater's ghost misses you.
You hit GlassEater's ghost.
GlassEater's ghost is moderately damaged.
GlassEater's ghost barely misses you.
GlassEater's ghost completely misses you.
You closely miss GlassEater's ghost.
GlassEater's ghost is moderately damaged.
GlassEater's ghost misses you.
You miss GlassEater's ghost.
GlassEater's ghost is moderately damaged.
You block GlassEater's ghost's attack.
You closely miss GlassEater's ghost.
GlassEater's ghost is moderately damaged.
GlassEater's ghost hits you but does no damage.
You miss GlassEater's ghost.
GlassEater's ghost is moderately damaged.
GlassEater's ghost hits you.
You die...

.........##...........#
.........##...........#
.........##...........#
#'#########...........#
#.# #.$.........# #.#
#..g........# #.#
########'###### #.#
#...# #W# #.#
#.#.####@# #.#
#.#......# #.#
#.######## #.# #.# #.#
#.# #.# #.# #.# #.# #.#
#.# #.# #.#


You could see GlassEater's ghost.

Vanquished Creatures
  Ijyb (D:3)
  5 adders
  2 oozes (D:3)
  3 worms
  A dart slug (D:1)
  4 leopard geckos
  9 bats
  A giant cockroach (D:2)
  8 goblins
  4 hobgoblins
  11 jackals
  5 kobolds
  2 ball pythons
  2 frilled lizards (D:1)
  6 rats
64 creatures vanquished.

Notes
Turn   | Place    | Note
-------+----------+-------------------------------------------
     0 | D:1      | GlassEater the Spriggan Fighter began the quest for the Orb.
     0 | D:1      | Reached XP level 1. HP: 11/11 MP: 2/2
    17 | D:1      | You fall through a shaft!
    60 | D:2      | Reached XP level 2. HP: 7/16 MP: 3/3
   739 | D:1      | Reached XP level 3. HP: 18/19 MP: 4/4
  1729 | D:2      | Reached XP level 4. HP: 17/23 MP: 5/5
  2640 | D:3      | Noticed Ijyb
  2642 | D:3      | Noticed GlassEater's ghost (amateur SpAs)
  2665 | D:3      | Killed Ijyb
  2665 | D:3      | Reached XP level 5. HP: 15/27 MP: 6/6
  2686 | D:3      | Slain by GlassEater's ghost

Vault maps used:
D:1:      shiori_arrival_maze, lemuel_another_geyser
D:3:      portal_sewer_entry_d, ecumenical_altar_1, serial_park_tiny_2,
          kennysheep_generic_room_5, uniq_iyjb

Skill      XL: |  1  2  3  4 |
---------------+-------------+-----
Shields        | 3 4 |  4.4
Fighting       | |  2.4
Short Blades   | |  2.1
Dodging        | |  4.4

Action                   |  1- 3 |  4- 6 || total
-------------------------+-------+-------++-------
Melee: Rapier            |   139 |   120 ||   259
  Use: Potion            |       |     1 ||     1
 Stab: Sleeping          |     1 |     1 ||     2
Armor: Robe              |    12 |     5 ||    17
Dodge: Dodged            |   101 |    82 ||   183
Block: Buckler           |    45 |    30 ||    75
